 Dungeon Crawl Stone Soup version 0.30.1-3-gfc49f6343a (webtiles) character file.

Game seed: 1899886717867210389

17315 Gabide the Skirmisher (level 11, -19/97 HPs)
             Began as a Demigod Warper on Aug 3, 2023.
             Killed from afar by a lindwurm (25 damage)
             ... with a blast of flame
             ... on level 1 of the Lair of Beasts on Aug 6, 2023.
             The game lasted 00:52:05 (18831 turns).

Gabide the Skirmisher (Demigod Warper)             Turns: 18831, Time: 00:52:05

Health: -19/97     AC: 12    Str: 12    XL:     11   Next: 90%
Magic:  25/28      EV: 14    Int: 33    God:
Gold:   49         SH: 10    Dex: 16    Spells: 21/28 levels left

rFire   . . .        a - +2 sling (drain)
rCold   . . .        n - +0 buckler
rNeg    . . .        G - +2 robe {Will+}
rPois   +            t - +2 helmet
rElec   .            i - +2 cloak
rCorr   .            (no gloves)
SInv    .            L - +1 pair of boots
Will    ++...        B - amulet of reflection
Stlth   +            F - ring of Bafoutzo {Fly rPois Dex+3}
HPRegen 0.36/turn    g - +6 ring of intelligence
MPRegen 0.21/turn

%: reflection
@: flying
A: high MP 1, forlorn, divine attributes
a: no special abilities


You were on level 1 of the Lair of Beasts.
You visited 3 branches of the dungeon, and saw 12 of its levels.

You collected 739 gold pieces.
You spent 690 gold pieces at shops.

Inventory:

Hand Weapons
 a - a +2 sling of draining (weapon)
 b - the +7 dagger of Gozag's Delight {venom, Int+5 Dex+3}
   (You found it on level 4 of the Dungeon)

   Int:       It affects your intelligence (+5).
   Dex:       It affects your dexterity (+3).
Missiles
 q - 3 throwing nets
Armour
 i - a +2 cloak (worn)
 n - a +0 buckler (worn)
 t - a +2 helmet (worn)
 C - a +3 leather armour
 G - a +2 robe of willpower (worn)
 L - a +1 pair of boots (worn)
 P - a +0 troll leather armour
Jewellery
 f - a ring of magical power
 g - a +6 ring of intelligence (right hand)
 r - a ring of protection from fire
 B - an amulet of reflection (around neck)
 F - the ring of Bafoutzo (left hand) {Fly rPois Dex+3}
   (You took it off a gnoll on level 6 of the Dungeon)

   [ring of flight]

   Dex:       It affects your dexterity (+3).
   rPois:     It protects you from poison.
   Fly:       It grants you flight.
 K - a +5 ring of evasion
 S - a ring of willpower
Wands
 u - a wand of digging (7)
 w - a wand of charming (8)
Scrolls
 c - 4 scrolls of blinking
 d - 2 scrolls of immolation
 o - 5 scrolls of vulnerability
 p - a scroll of teleportation
 x - 2 scrolls of magic mapping
 y - a scroll of identify
 E - 4 scrolls of fog
 N - a scroll of fear
 O - 3 scrolls of torment
 R - a scroll of amnesia
Potions
 e - 4 potions of heal wounds
 h - 2 potions of flight
 k - 3 potions of curing
 l - 3 potions of attraction
 m - 2 potions of invisibility
 s - 2 potions of magic
 v - a potion of haste
 z - a potion of might
 A - a potion of ambrosia
 D - 4 potions of mutation
 H - 2 potions of berserk rage
 I - a potion of brilliance
 J - a potion of lignification
 M - a potion of resistance
Miscellaneous
 j - a lightning rod (4/4)
 Q - a phial of floods


   Skills:
 - Level 9.0 Fighting
 - Level 3.0 Polearms
 - Level 9.0 Ranged Weapons
 - Level 1.0 Throwing
 - Level 1.0 Armour
 - Level 6.0 Dodging
 - Level 3.0 Shields
 - Level 9.0 Spellcasting
 + Level 7.6 Translocations


You had 21 spell levels left.
You knew the following spells:

 Your Spells              Type           Power      Damage    Failure   Level
a - Blink                 Tloc           100%       N/A       1%          2
b - Lesser Beckoning      Tloc           100%       N/A       1%          2
c - Teleport Other        Tloc           60%        N/A       1%          3

Your spell library contained the following spells:

 Spells                   Type           Power      Damage    Failure   Level
 Apportation              Tloc           100%       N/A       1%          1
 Manifold Assault         Tloc           60%        N/A       1%          4
 Vhi's Electric Charge    Tloc/Air       78%        N/A       2%          3
 Freeze                   Ice            56%        1d7       4%          1
 Magic Dart               Conj           56%        1d5       4%          1
 Necrotise                Necr           56%        1d6       4%          1
 Summon Small Mammal      Summ           56%        N/A       4%          1
 Call Imp                 Summ           28%        N/A       6%          2
 Scorch                   Fire           28%        2d6       6%          2
 Frozen Ramparts          Ice            28%        1d5       13%         3
 Hailstorm                Conj/Ice       14%        3d5       13%         3
 Inner Flame              Hex/Fire       14%        N/A       13%         3
 Mephitic Cloud           Conj/Pois/Air  14%        N/A       13%         3
 Animate Armour           Summ/Erth      28%        N/A       38%         4
 Flame Wave               Conj/Fire      14%        2d6       38%         4
 Leda's Liquefaction      Hex/Erth       7%         N/A       38%         4
 Sticky Flame             Conj/Fire      14%        2d4       38%         4
 Lee's Rapid Deconstruct  Erth           7%         3d6*      75%         5
 Iron Shot                Conj/Erth      7%         9d2       100%        6
 Plasma Beam              Fire/Air       7%         2x1d19    100%        6
 Statue Form              Tmut/Erth      9%         N/A       100%        6


Dungeon Overview and Level Annotations

Branches:
Dungeon (10/15)            Temple (1/1) D:6            Lair (1/5) D:10
    Orc: D:9-12

Shops:
D:1 =   D:6 *?   D:8 *   D:10 *

Annotations:
D:7 Joseph


Innate Abilities, Weirdness & Mutations

You have an increased reservoir of magic. (+10% MP)
You shall have no god before yourself.
Your divine heritage dramatically boosts your attributes as you level up.


Message History

The elephant tramples you but does no damage.
The elephant trunk-slaps you but does no damage.
You are engulfed in a cloud of scalding steam.
The lindwurm bites you.
The lindwurm claws you but does no damage.
The lindwurm claws you.
The elephant tramples you but does no damage.
The elephant trunk-slaps you but does no damage.
You are engulfed in a cloud of scalding steam.
* * * LOW HITPOINT WARNING * * *
The elephant tramples you but does no damage.
The elephant trunk-slaps you but does no damage.
The lindwurm bites you but does no damage.
The lindwurm claws you.
* * * LOW HITPOINT WARNING * * *
The lindwurm claws you but does no damage.
You are engulfed in a cloud of scalding steam.
The elephant tramples you but does no damage.
The elephant trunk-slaps you but does no damage.
The lindwurm bites you!
* * * LOW HITPOINT WARNING * * *
The lindwurm claws you but does no damage.
The lindwurm claws you.
* * * LOW HITPOINT WARNING * * *
You are engulfed in a cloud of scalding steam.
* * * LOW HITPOINT WARNING * * *
The elephant tramples you!
* * * LOW HITPOINT WARNING * * *
You hold your ground!
The elephant trunk-slaps you but does no damage.
The lindwurm bites you.
* * * LOW HITPOINT WARNING * * *
The lindwurm claws you but does no damage. x2
You turn to flesh and can move again.
Blink to where?
Press: ? - help, Dir - move target
As you read the scroll of blinking, it crumbles to dust.
The lindwurm breathes flames at you. The blast of flame hits you!!
You die...

## .♣ ##### #####
########## .♣ #≈≈≈# #≈~~≈#
#§~~~~~.8# .♣
#≈≈≈##~~≈~~≈##Yk#~~.$|# .♣
#~~≈~ #~~~#§~##≈.[)#
.♣♣#≈~~ #≈~@~## ≈≈Y8# ####
..♣#~~ ###### #### #...
..♣#'## ##.## ##.# ###...
..♣♣~~♣♣##♣#♣♣.♣♣#♣#♣.#♣
♣.....
..♣♣≈~~~≈≈≈♣~♣♣~~≈~~♣♣.♣♣
♣#....
..♣♣≈≈kYY§§§§§§~≈~≈~~...♣♣
#.....
.♣♣♣♣~~P~~~~~≈~~P≈≈≈~~...♣
♣#.... ##
♣♣♣♣~~♣♣♣~P♣♣≈≈≈~~...♣
##... #
♣♣♣♣♣♣♣♣♣♣≈≈≈P~...♣ ##..


You could see an elephant and a lindwurm (catching breath).

Vanquished Creatures
  Harold (D:10)
  A hydra (Lair:1)
  A boulder beetle (D:9)
  2 two-headed ogres
  A deep elf pyromancer (D:10)
  2 manticores (D:10)
  3 cane toads
  5 elephants
  A black mamba (Lair:1)
  3 komodo dragons
  3 trolls
  Prince Ribbit (D:9)
  2 shadows (D:9)
  A wraith (D:8)
  A vampire (D:10)
  12 yaks
  2 wyverns
  Grum (D:9)
  3 steam dragons (D:7)
  A vampire mosquito (D:10)
  3 water moccasins
  Duvessa (D:7)
  3 orc warriors
  2 black bears
  2 sky beasts (D:7)
  3 wolves
  2 ogres
  A centaur (D:7)
  A phantom (D:3)
  A kobold brigand (D:9)
  2 bullfrogs
  7 gnoll sergeants
  2 scorpions
  12 wights
  Dowan (D:7)
  22 killer bees
  4 howler monkeys
  4 gnoll boudas
  10 hounds
  4 orc priests
  2 sleepcaps (D:7)
  A jelly (D:6)
  Natasha (twice) (D:4)
  4 iguanas
  6 orc wizards
  A centaur simulacrum (D:10)
  49 gnolls
  5 adders
  3 shadow imps
  2 white imps
  2 dart slugs (D:4)
  14 orcs
  5 endoplasms
  4 giant cockroaches
  4 hobgoblins
  5 jackals
  5 quokkas
  5 ball pythons
  3 bats
  A frilled lizard (D:1)
  9 goblins
  7 kobolds
  6 rats
279 creatures vanquished.

Vanquished Creatures (others)
  3 killer bees (D:7)
3 creatures vanquished.

Grand Total: 282 creatures vanquished

Notes
Turn   | Place    | Note
-------+----------+-------------------------------------------
     0 | D:1      | Gabide the Demigod Warper began the quest for the Orb.
     0 | D:1      | Reached XP level 1. HP: 17/17 MP: 5/5
   108 | D:1      | Reached skill level 1 in Throwing
   108 | D:1      | Reached skill level 1 in Armour
   180 | D:1      | Found Seutif's Jewellery Shoppe.
   480 | D:1      | Reached XP level 2. HP: 24/24 MP: 7/7
  1105 | D:2      | Reached XP level 3. HP: 20/29 MP: 8/8
  1627 | D:3      | Learned a level 2 spell: Blink
  1724 | D:3      | You fall into a shaft and drop 3 floors!
  1728 | D:5      | Entered Level 5 of the Dungeon
  1761 | D:5      | Noticed an ogre
  1766 | D:5      | Killed an ogre
  1767 | D:5      | Reached XP level 4. HP: 36/37 MP: 10/10
  1767 | D:5      | Reached XP level 5. HP: 43/44 MP: 12/12
  1989 | D:4      | Reached skill level 1 in Ranged Weapons
  2117 | D:4      | Learned a level 2 spell: Lesser Beckoning
  2121 | D:4      | Learned a level 3 spell: Teleport Other
  2256 | D:4      | Found a large runed translucent door.
  2260 | D:4      | Found a large runed translucent door.
  2439 | D:4      | Reached XP level 6. HP: 25/51 MP: 13/13
  3644 | D:4      | Identified the +7 dagger of Gozag's Delight {venom, Int+5
                  | Dex+3}
  3837 | D:4      | Noticed Natasha
  3844 | D:4      | Killed Natasha
  4084 | D:4      | Noticed Natasha
  4090 | D:4      | Killed Natasha
  4231 | D:5      | Reached XP level 7. HP: 50/57 MP: 14/14
  4428 | D:5      | Reached skill level 5 in Ranged Weapons
  5052 | D:6      | Found a staircase to the Ecumenical Temple.
  5058 | Temple   | Entered the Ecumenical Temple
  5394 | D:6      | Found Zariam's General Store.
  5816 | D:6      | Reached XP level 8. HP: 67/67 MP: 15/15
  5851 | D:6      | Reached skill level 5 in Fighting
  6118 | D:6      | Found Zial's Magic Scroll Emporium.
  6333 | D:1      | Bought an amulet of reflection for 390 gold pieces
  7029 | D:6      | Reached skill level 5 in Spellcasting
  7058 | D:6      | Identified the ring of Bafoutzo {Fly rPois Dex+3}
  8525 | D:6      | Reached XP level 9. HP: 40/62 MP: 16/21
  8944 | D:7      | Noticed Duvessa
  8951 | D:7      | Noticed Dowan
  8956 | D:7      | Killed Dowan
  8960 | D:7      | Killed Duvessa
  8961 | D:7      | Reached skill level 5 in Translocations
  9192 | D:7      | Noticed Joseph
 10223 | D:8      | Found Fiupefei's Assorted Antiques.
 10582 | D:8      | Bought a pair of boots for 90 gold pieces
 10629 | D:8      | Identified the +0 scale mail of Damoroni {Fly rPois rC+
                  | Int-5 Dex+4}
 10875 | D:8      | Noticed a komodo dragon
 10918 | D:8      | Killed a komodo dragon
 11731 | D:9      | Noticed Grum
 11753 | D:8      | Reached XP level 10. HP: 83/83 MP: 13/22
 11928 | D:9      | Killed Grum
 13169 | D:9      | Noticed Prince Ribbit
 13186 | D:9      | Killed Prince Ribbit
 13613 | D:10     | Entered Level 10 of the Dungeon
 14122 | D:6      | Bought a scroll of enchant weapon for 105 gold pieces
 14232 | D:10     | Noticed Harold
 14478 | D:10     | Found a staircase to the Lair.
 14487 | D:10     | Killed Harold
 14513 | D:10     | Noticed a two-headed ogre
 14523 | D:10     | Killed a two-headed ogre
 14647 | D:10     | Noticed a boulder beetle
 14647 | D:10     | Noticed a two-headed ogre
 14804 | D:9      | Reached skill level 5 in Dodging
 14848 | D:9      | Killed a two-headed ogre
 14849 | D:9      | Reached XP level 11. HP: 89/97 MP: 17/24
 14970 | D:9      | Killed a boulder beetle
 15603 | D:10     | Found Res Ref's Serpentskin Sales.
 15688 | D:10     | Got the Precepts of Heavy Conflagration
 15925 | D:10     | Noticed a deep elf pyromancer
 15935 | D:10     | Killed a deep elf pyromancer
 16338 | D:10     | Identified the staff of earth "Wokk" {Drain rElec rF+}
 16726 | Lair:1   | Entered Level 1 of the Lair of Beasts
 17052 | D:10     | Reached skill level 1 in Shields
 17678 | Lair:1   | Noticed an eight-headed hydra
 17693 | Lair:1   | Killed an eight-headed hydra
 17942 | Lair:1   | Noticed a lindwurm
 17942 | Lair:1   | Noticed a catoblepas
 17942 | Lair:1   | Found the +2 shield of Resistance {rF++ rC++ Will++}
 17964 | Lair:1   | Found a runed translucent door.
 18137 | D:6      | Bought a scroll of enchant armour for 105 gold pieces
 18831 | Lair:1   | Killed from afar by a lindwurm

Illustrated notes

Levels and vault maps discovered:
D:1:      dpeg_arrival_tiny_d, layout_basic, serial_shops,
          nicolae_shop_behind_doors
D:2:      layout_loops_cross
D:3:      layout_loops_cross, minmay_misc_feat_iff, minmay_misc_feat_alley,
          kennysheep_potato
D:4:      layout_loops_corners, jmf_multi_god_temple2, bh_walls_and_bars,
          uniq_natasha
D:5:      layout_rooms
D:6:      minmay_general_purpose_star, layout_cave_pools,
          nicolae_overflow_hallway_of_the_gods, amcnicky_altar_gilded,
          minmay_temple_entry_hall, serial_gnoll_camp, gnoll_camp_huts_moat,
          gnoll_camp_mini_shop, gnoll_camp_mini_shop, gnoll_camp_medium_01
D:7:      dreamdust_elfheim, layout_gridville, chequers_serial_rivers_micro_e,
          nicolae_fountain_basement, uniq_joseph
D:8:      layout_rooms, fedhas_ov_isle_minmay, serial_shops, shop
D:9:      layout_basic, uniq_prince_ribbit1, uniq_grum
D:10:     minmay_the_grid_3x2 [minmay_the_grid_gridbox, minmay_the_grid_tree,
          minmay_the_grid_outer_circle, minmay_the_grid_box_x,
          minmay_the_grid_zigzag_pyramid, minmay_the_grid_prize_trominoes],
          layout_layer_cave, lair_entry_dummy, guppyfry_shop_venom, uniq_harold
Temple:   oiseaux_autumnal_temple
Lair:1:   gammafunk_lair_enchanted_lake, layout_cave_pods

Skill      XL: |  1  2  3  4  5  6  7  8  9 10 11 |
---------------+----------------------------------+-----
Throwing       | 1 |  1.0
Armour         | 1 |  1.0
Fighting       | 2 3 4 6 9 |  9.0
Dodging        | 2 3 5 6 |  6.0
Polearms       | 2 3 |  3.0
Spellcasting   | 2 3 6 9 |  9.0
Translocations | 3 6 7 |  7.6
Ranged Weapons | 2 4 6 8 9 |  9.0
Shields        | 3 |  3.0

Action                     |  1- 3 |  4- 6 |  7- 9 | 10-12 || total
---------------------------+-------+-------+-------+-------++-------
  Melee: Spear             |   121 |   129 |       |       ||   250
         Dagger            |       |    32 |    64 |       ||    96
         Punch             |       |     2 |       |       ||     2
   Fire: Sling             |    15 |    63 |   723 |   907 ||  1708
  Throw: Boomerang         |     6 |     1 |       |       ||     7
         Throwing net      |     2 |     1 |     1 |     7 ||    11
         Dart              |       |       |     4 |       ||     4
   Cast: Blink             |       |       |   162 |   224 ||   386
         Teleport Other    |       |       |    18 |     4 ||    22
  Evoke: Wand              |       |       |     6 |       ||     6
         Lightning rod     |       |       |       |     2 ||     2
    Use: Scroll            |    13 |     3 |    13 |     7 ||    36
         Potion            |       |       |     7 |     3 ||    10
 Armour: Leather armour    |     5 |    29 |    78 |       ||   112
         Ring mail         |    39 |    14 |       |       ||    53
         Skin              |       |       |    23 |       ||    23
         Robe              |       |       |    70 |   133 ||   203
  Dodge: Dodged            |    56 |    88 |   315 |   252 ||   711
  Block: Buckler           |       |       |   180 |   221 ||   401
         Other             |       |       |     5 |       ||     5
         Reflection        |       |       |     9 |     5 ||    14
